 Dungeon Crawl Stone Soup version 0.29.1-1-gd02db6906a (webtiles) character file.

Game seed: 7370109224785652013

27 RogueRain17 the Shield-Bearer (level 3, -1/31 HPs)
             Began as a Meteoran Fighter on Sept 21, 2022.
             Slain by a gnoll
             ... wielding a +0 flail
              (3 damage)
             ... on level 2 of the Dungeon.
             The game lasted 00:01:12 (644 turns).

RogueRain17 the Shield-Bearer (Meteoran Fighter)     Turns: 644, Time: 00:01:13

Health: -1/31      AC:  8    Str: 20    XL:     3   Next: 44%
Magic:  4/4        EV:  9    Int:  9    God:
Gold:   40         SH:  5    Dex: 13    Spells: 2/2 levels left

rFire   . . .      SeeInvis .   a - +0 long sword (freeze)
rCold   . . .      Faith    .   c - +0 buckler
rNeg    . . .      Spirit   .   b - +0 scale mail
rPois   .          Reflect  .   g - +2 hat
rElec   .          Harm     .   (no cloak)
rCorr   .          Rampage  .   (no gloves)
Will    .....                   (no boots)
Stlth   ..........              (no amulet)
HPRegen 0.10/turn               (no ring)
MPRegen 0.09/turn               (no ring)

@: glowing
A: sense surroundings 1, otherworldly, glowing, explore regen
a: no special abilities


You were on level 2 of the Dungeon.
You visited 1 branch of the dungeon, and saw 2 of its levels.

You collected 40 gold pieces.

Inventory:

Hand Weapons
 a - a +0 long sword of freezing (weapon)
Armour
 b - a +0 scale mail (worn)
 c - a +0 buckler (worn)
 g - a +2 hat (worn)
Scrolls
 f - a scroll of enchant weapon {unknown}
 k - a scroll of poison {unknown}
Potions
 d - a potion of might
 h - a potion of curing {unknown}
 i - a potion of magic {unknown}
 j - a potion of resistance {unknown}


   Skills:
 - Level 3.2 Fighting
 * Level 3.7 Long Blades
 - Level 3.6 Armour
 + Level 4.1 Shields


You had 2 spell levels left.
You didn't know any spells.
Your spell library was empty.

Dungeon Overview and Level Annotations

Branches:
Dungeon (2/15) Zot: 540

Altars:
Zin


Innate Abilities, Weirdness & Mutations

You passively map a small area around you.
You are easily found by Zot.
You glow in the dark.
You regain HP and MP as you explore.


Message History

No target in view!
You see here a ball python corpse.
You see here an adder corpse.
There is an open door here.
Found a stone.
You see here a stone.
A kobold comes into view. It is wielding a +0 dagger.
The kobold shouts!
You hear a shout! x2
A gnoll comes into view. It is wielding a +0 flail.
The gnoll shouts!
You hear a shout!
The kobold throws a stone.
The stone hits you but does no damage.
A gnoll comes into view. It is wielding a +0 flail.
The gnoll moves out of view. 2 gnolls come into view.
The gnoll shouts! x2
The kobold throws a stone.
The stone hits you.
The gnoll moves out of view.
The gnoll hits you with a +0 flail.
You hit the gnoll.
The gnoll is moderately wounded.
The gnoll closely misses you. The gnoll hits you with a +0 flail.
The gnoll closely misses you.
You closely miss the gnoll.
The gnoll is moderately wounded.
The gnoll hits you from afar with a +0 halberd!
You block the gnoll's attack. The kobold barely misses you.
You block the gnoll's attack. The gnoll hits you but does no damage.
The gnoll hits you from afar with a +0 halberd!
* * * LOW HITPOINT WARNING * * *
The kobold hits you with a +0 dagger.
* * * LOW HITPOINT WARNING * * *
The gnoll hits you from afar with a +0 spear.
* * * LOW HITPOINT WARNING * * *
The gnoll hits you but does no damage. The gnoll barely misses you.
The kobold throws a stone.
The stone closely misses you.
As you read the scroll labelled IPHOS PEEST, it crumbles to dust.
It is a scroll of brand weapon.
Your +0 long sword is covered with a thin layer of ice!
a - a +0 long sword of freezing (weapon)
The gnoll hits you with a +0 flail.
You die...

* * ###* , .. # *
#.* # ####K####### #
#...gg@....####### #
....#g.#####.(.....#
# # #..g #######.# #
** ..... #.# #
###... #.# # ##.#
#.# # * #.
########.# # , #.*
#........#
#.########


You could see 3 gnolls and a kobold.

Vanquished Creatures
  2 adders (D:2)
  A ball python (D:2)
  2 endoplasms
  A goblin (D:2)
  A hobgoblin (D:1)
  A quokka (D:1)
  A rat (D:1)
9 creatures vanquished.

Notes
Turn   | Place    | Note
-------+----------+-------------------------------------------
     0 | D:1      | RogueRain17 the Meteoran Fighter began the quest for the
                  | Orb.
     0 | D:1      | Reached XP level 1. HP: 19/19 MP: 2/2
   126 | D:1      | Reached XP level 2. HP: 26/26 MP: 3/3
   285 | D:2      | Reached skill level 4 in Shields
   437 | D:2      | Found a glowing silver altar of Zin.
   456 | D:2      | Reached XP level 3. HP: 31/31 MP: 4/4
   644 | D:2      | Slain by a gnoll

Illustrated notes

Levels and vault maps discovered:
D:1:      dpeg_arrival_court, layout_basic
D:2:      layout_loops_corners, serial_co_window_serial, co_window_cross_1,
          co_window_paths_a, co_window_of_opportunity_a,
          co_window_of_opportunity_a, co_window_paths_a, co_window_corner_ca,
          co_window_unsneaky_path_c, co_window_paths_c, co_window_broadway_a,
          co_window_4corner_a, glass_columns_a, glass_columns_c,
          glass_columns_b, glass_columns_b, basic_altar, minmay_misc_feat_tiny

Skill      XL: |  1  2 |
---------------+-------+-----
Long Blades    | 3 |  3.7
Shields        | 4 |  4.1
Fighting       | |  3.2
Armour         | |  3.6

Action                   || total
-------------------------++-------
Melee: Long sword        ||    50
  Use: Scroll            ||     1
Armor: Scale mail        ||    29
Dodge: Dodged            ||    22
Block: Buckler           ||    16
